Match 45049720
Unlisted

Match 45049720
End
Selects Italian Combined Arms Battlegroup
Selects Bersaglieri Squad
Bersaglieri Squad
250 Light Carrier
Bersaglieri Squad
Bersaglieri Squad
Construct Light Support Kompanie
Selects Bersaglieri Bolster
2.5-tonne Medical Truck
Panzerjäger Squad
Fire Support Elements
Panzerjäger Mechanized Group
Selects Breda Model 30 Light Machine Guns
Veteran Squad Leaders
Construct Panzerarmee Kommand
Panzer III L Medium Tank
Vehicle Survival Package
Jeremy
JT
SimplyFinny
MasterStef
0
0

Comments sign in to comment!

No comments posted yet!